APP
BLUEFIELD BLUE JAYS @ OREM OWLZ
09/12/2049
 
TOP OF THE 1ST
Bluefield Blue Jays batting - Pitching for Orem Owlz : LHP Troy Trombino
Pitching: LHP Troy Trombino
Batting: SHB Toby Patenaude 0-0: Ball
1-0: Swinging Strike
1-1: Fly out, F6 (Popup, 6M, EV 68.1 MPH)
Batting: RHB Chad Colyer 0-0: Foul Ball, location: 2F
0-1: Ball
1-1: Foul Ball, location: 2F
1-2: Ball
2-2: Ball
3-2: Base on Balls
Batting: RHB Mark Noftall 0-0: SINGLE (Groundball, 23, EV 68.8 MPH) (infield hit)
Chad Colyer to second
Batting: RHB Lao-che Zhu 0-0: Called Strike
0-1: Ball
1-1: Ball
2-1: Fly out, F7 (Flyball, 7D, EV 91.9 MPH)
Runner from 2nd tags up, SAFE at 3rd, no throw by LF
Batting: LHB Jessie Stewart 0-0: Ball
1-0: Swinging Strike
1-1: Ball
2-1: Ball
3-1: Called Strike
3-2: Foul Ball, location: 2F
3-2: Base on Balls
Mark Noftall to second
Batting: RHB Mike Vaughan 0-0: Swinging Strike
0-1: Ball
1-1: Ball
2-1: Ball
3-1: Foul Ball, location: 2F
3-2: Foul Ball, location: 2F
3-2: Base on Balls
Chad Colyer scores
Mark Noftall to third
Jessie Stewart to second
Batting: RHB Benedikt Fleischmann 0-0: Foul Ball, location: 2F
0-1: Ball
1-1: DOUBLE (Flyball, 8LD, EV 86.2 MPH)
Mark Noftall scores
Jessie Stewart scores
Mike Vaughan to third
Batting: RHB Cedric Nicholls 0-0: Foul Ball, location: 2F
0-1: Ball
1-1: Ball
2-1: Called Strike
2-2: Ball
3-2: Base on Balls
Batting: RHB Joy-shan Li 0-0: Called Strike
0-1: Called Strike
0-2: Ball
1-2: Ball
2-2: Ball
3-2: Base on Balls
Mike Vaughan scores
Benedikt Fleischmann to third
Cedric Nicholls to second
Batting: SHB Toby Patenaude 0-0: Called Strike
0-1: SINGLE (Groundball, 6MD, EV 101.9 MPH)
Benedikt Fleischmann scores
Cedric Nicholls to third
Joy-shan Li to second
Runner from 3rd tries for Home, SAFE, throw by CF to home
Pitching: LHP Yee Koh
Batting: RHB Chad Colyer 0-0: Called Strike
0-1: Foul Ball, location: 2F
0-2: Ball
1-2: Ball
Wild Pitch!
Joy-shan Li to third
Toby Patenaude to second
2-2: Foul Ball, location: 2F
2-2: Ball
3-2: Foul Ball, location: 2F
3-2: 3-RUN HOME RUN (Flyball, 78XD, EV 109.4 MPH), Distance : 420 ft
Batting: RHB Mark Noftall 0-0: Ball
1-0: Called Strike
1-1: Ground out 6-3 (Groundball, 56, EV 103.1 MPH)
Top of the 1st over - 9 runs, 4 hits, 0 errors, 0 left on base; Bluefield 9 - Orem 0
BOTTOM OF THE 1ST
Orem Owlz batting - Pitching for Bluefield Blue Jays : LHP Jack Osborne
Pitching: LHP Jack Osborne
Batting: RHB Brian Spry 0-0: Swinging Strike
0-1: Swinging Strike
0-2: Strikes out swinging
Batting: RHB Fred Saxton 0-0: Ball
1-0: Fly out, F7 (Flyball, 7, EV 93.1 MPH)
Batting: RHB Carlos Gonzales 0-0: Called Strike
0-1: Ball
1-1: Ground out 6-3 (Groundball, 56D, EV 97.5 MPH)
Bottom of the 1st over - 0 runs, 0 hits, 0 errors, 0 left on base; Bluefield 9 - Orem 0
TOP OF THE 2ND
Bluefield Blue Jays batting - Pitching for Orem Owlz : LHP Yee Koh
Batting: RHB Lao-che Zhu 0-0: Foul Ball, location: 2F
0-1: SOLO HOME RUN (Flyball, 7D, EV 111.9 MPH), Distance : 417 ft
Batting: LHB Jessie Stewart 0-0: Called Strike
0-1: Ball
1-1: Ground out 4-3 (Groundball, 4M, EV 98.8 MPH)
Batting: RHB Mike Vaughan 0-0: Ball
1-0: Fly out, F7 (Flyball, 78M, EV 80.0 MPH)
Batting: RHB Benedikt Fleischmann 0-0: Called Strike
0-1: Ball
1-1: Ball
2-1: Ball
3-1: Foul Ball, location: 2F
3-2: Strikes out swinging
Top of the 2nd over - 1 run, 1 hit, 0 errors, 0 left on base; Bluefield 10 - Orem 0
BOTTOM OF THE 2ND
Orem Owlz batting - Pitching for Bluefield Blue Jays : LHP Jack Osborne
Batting: SHB Manuel Martinez 0-0: Ball
1-0: Ball
2-0: Foul Ball, location: 2F
2-1: Ball
3-1: Foul Ball, location: 2F
3-2: Fly out, F7 (Flyball, 7S, EV 80.6 MPH)
Batting: RHB Daniel Molina 0-0: Called Strike
0-1: Swinging Strike
0-2: Strikes out swinging wild pitch, reaches first!
Batting: LHB David Coatney 0-0: Called Strike
0-1: Ball
1-1: Foul Ball, location: 2F
1-2: Ball
2-2: Ball
3-2: Strikes out swinging
Daniel Molina is caught stealing 2nd base 2-6
Batter strikes out.
Bottom of the 2nd over - 0 runs, 0 hits, 0 errors, 0 left on base; Bluefield 10 - Orem 0
TOP OF THE 3RD
Bluefield Blue Jays batting - Pitching for Orem Owlz : LHP Yee Koh
Batting: RHB Cedric Nicholls 0-0: Called Strike
0-1: Called Strike
0-2: Foul Ball, location: 2F
0-2: Ground out 6-3 (Groundball, 56, EV 109.4 MPH)
Batting: RHB Joy-shan Li 0-0: Called Strike
0-1: Foul Ball, location: 2F
0-2: Ball
1-2: Ground out 6-3 (Groundball, 6, EV 103.1 MPH)
Batting: SHB Toby Patenaude 0-0: Called Strike
0-1: Ball
1-1: Ground out 5-3 (Groundball, 56, EV 105.6 MPH)
Top of the 3rd over - 0 runs, 0 hits, 0 errors, 0 left on base; Bluefield 10 - Orem 0
BOTTOM OF THE 3RD
Orem Owlz batting - Pitching for Bluefield Blue Jays : LHP Jack Osborne
Batting: RHB Brendan Garoutte 0-0: Called Strike
0-1: Ball
1-1: Called Strike
1-2: Ball
2-2: Strikes out looking
Batting: RHB Jesse Sargent 0-0: Foul Ball, location: 2F
0-1: Ball
1-1: Foul Ball, location: 2F
1-2: Foul Ball, location: 2F
1-2: Strikes out looking
Batting: RHB Steve Neely 0-0: Ball
1-0: Ball
2-0: Called Strike
2-1: Ball
3-1: Base on Balls
Batting: RHB Brian Spry 0-0: Called Strike
0-1: Foul Ball, location: 2F
0-2: Foul Ball, location: 2F
0-2: Strikes out swinging
Bottom of the 3rd over - 0 runs, 0 hits, 0 errors, 1 left on base; Bluefield 10 - Orem 0
TOP OF THE 4TH
Bluefield Blue Jays batting - Pitching for Orem Owlz : LHP Yee Koh
Batting: RHB Chad Colyer 0-0: Ground out U3 (Groundball, 34S, EV 87.5 MPH)
Batting: RHB Mark Noftall 0-0: Foul Ball, location: 2F
0-1: Ground out U3 (Groundball, 3, EV 85.6 MPH)
Batting: RHB Lao-che Zhu 0-0: Ball
1-0: DOUBLE (Line Drive, 89D, EV 106.9 MPH)
Batting: LHB Jessie Stewart 0-0: Ball
1-0: SINGLE (Groundball, 56D, EV 109.4 MPH)
Lao-che Zhu to third
Runner from 3rd tries for Home, SAFE, throw by LF to home
Batting: RHB Mike Vaughan 0-0: Ball
1-0: Ball
2-0: Ball
3-0: Called Strike
3-1: SINGLE (Line Drive, 6M, EV 105.0 MPH)
Jessie Stewart to second
Runner from 2nd tries for 3rd, SAFE, throw by CF made to third
Batting: RHB Benedikt Fleischmann 0-0: Ball
1-0: Ball
2-0: Ball
3-0: Foul Ball, location: 2F
3-1: Base on Balls
Mike Vaughan to second
Batting: RHB Cedric Nicholls 0-0: Ball
1-0: Foul Ball, location: 2F
1-1: Foul Ball, location: 2F
1-2: SINGLE (Line Drive, 4D, EV 108.1 MPH)
Jessie Stewart scores
Mike Vaughan to third
Benedikt Fleischmann to second
Runner from 3rd tries for Home, SAFE, throw by CF to home
Pitching: RHP Jim Sawicki
Batting: RHB Joy-shan Li 0-0: Ball
1-0: Swinging Strike
1-1: Foul Ball, location: 2F
1-2: Ball
2-2: Foul Ball, location: 2F
2-2: Foul Ball, location: 2F
2-2: Foul Ball, location: 2F
2-2: Strikes out looking
Top of the 4th over - 3 runs, 4 hits, 0 errors, 2 left on base; Bluefield 13 - Orem 0
BOTTOM OF THE 4TH
Orem Owlz batting - Pitching for Bluefield Blue Jays : LHP Jack Osborne
Batting: RHB Fred Saxton 0-0: Called Strike
0-1: Swinging Strike
0-2: Strikes out looking
Batting: RHB Carlos Gonzales 0-0: Ball
1-0: SINGLE (Groundball, 6MD, EV 105.6 MPH)
Batting: SHB Manuel Martinez 0-0: Ground out 4-3 (Groundball, 4M, EV 100.0 MPH)
Carlos Gonzales to second
Batting: RHB Daniel Molina 0-0: Ground out 6-3 (Groundball, 6MS, EV 63.8 MPH)
Bottom of the 4th over - 0 runs, 1 hit, 0 errors, 1 left on base; Bluefield 13 - Orem 0
TOP OF THE 5TH
Bluefield Blue Jays batting - Pitching for Orem Owlz : RHP Jim Sawicki
Batting: SHB Toby Patenaude 0-0: Ball
1-0: Ball
2-0: Ball
3-0: Base on Balls
Batting: RHB Chad Colyer 0-0: Foul Ball, location: 2F
0-1: Swinging Strike
0-2: Ball
1-2: Hit by Pitch
Toby Patenaude to second
Batting: RHB Mark Noftall 0-0: Ball
1-0: Fly out, F1 (Popup, 13, EV 73.8 MPH)
Batting: RHB Lao-che Zhu 0-0: Called Strike
0-1: Fielders Choice at 2nd, 5-4 (Groundball, 56, EV 83.8 MPH)
Toby Patenaude to third
Batting: LHB Jessie Stewart 0-0: Foul Ball, location: 2F
0-1: Ball
1-1: Fly out, F6 (Line Drive, 6, EV 68.8 MPH)
Top of the 5th over - 0 runs, 0 hits, 0 errors, 2 left on base; Bluefield 13 - Orem 0
BOTTOM OF THE 5TH
Orem Owlz batting - Pitching for Bluefield Blue Jays : LHP Jack Osborne
Batting: LHB David Coatney 0-0: Called Strike
0-1: Foul Ball, location: 2F
0-2: Foul Ball, location: 2F
0-2: Ground out 3-1 (Groundball, 34S, EV 88.1 MPH)
Batting: RHB Brendan Garoutte 0-0: Ball
1-0: Called Strike
1-1: Ground out 5-3 (Groundball, 5L, EV 100.6 MPH)
Batting: RHB Jesse Sargent 0-0: Swinging Strike
0-1: Foul Ball, location: 2F
0-2: Strikes out swinging
Bottom of the 5th over - 0 runs, 0 hits, 0 errors, 0 left on base; Bluefield 13 - Orem 0
TOP OF THE 6TH
Bluefield Blue Jays batting - Pitching for Orem Owlz : RHP Jim Sawicki
Batting: RHB Mike Vaughan 0-0: Ball
1-0: Called Strike
1-1: Swinging Strike
1-2: Strikes out looking
Batting: RHB Benedikt Fleischmann 0-0: Swinging Strike
0-1: Ball
1-1: Foul Ball, location: 2F
1-2: Strikes out swinging
Batting: RHB Cedric Nicholls 0-0: Ball
1-0: Foul Ball, location: 2F
1-1: Ball
2-1: Ground out 4-3 (Groundball, 4, EV 100.0 MPH)
Top of the 6th over - 0 runs, 0 hits, 0 errors, 0 left on base; Bluefield 13 - Orem 0
BOTTOM OF THE 6TH
Orem Owlz batting - Pitching for Bluefield Blue Jays : LHP Jack Osborne
Batting: RHB Steve Neely 0-0: Called Strike
0-1: Foul Ball, location: 2F
0-2: Ball
1-2: Strikes out swinging
Batting: RHB Brian Spry 0-0: Ball
1-0: Ball
2-0: Foul Ball, location: 2F
2-1: Foul Ball, location: 2F
2-2: Ground out U3 (Groundball, 3, EV 86.9 MPH)
Batting: RHB Fred Saxton 0-0: Ball
1-0: Ball
2-0: Ball
3-0: Base on Balls
Batting: RHB Carlos Gonzales 0-0: Called Strike
0-1: Ball
1-1: Ball
2-1: Foul Ball, location: 2F
2-2: Ball
3-2: SINGLE (Groundball, 3S, EV 74.4 MPH) (infield hit)
Fred Saxton to second
Batting: SHB Manuel Martinez 0-0: Swinging Strike
0-1: Ball
1-1: Swinging Strike
1-2: Ball
2-2: Fielders Choice at 2nd, 6-4 (Groundball, 6, EV 111.2 MPH)
Bottom of the 6th over - 0 runs, 1 hit, 0 errors, 2 left on base; Bluefield 13 - Orem 0
TOP OF THE 7TH
Bluefield Blue Jays batting - Pitching for Orem Owlz : RHP Jim Sawicki
Batting: RHB Joy-shan Li 0-0: Foul Ball, location: 2F
0-1: Ball
1-1: Ball
2-1: Foul Ball, location: 2F
2-2: Ball
3-2: Strikes out swinging
Batting: SHB Toby Patenaude 0-0: Ball
1-0: Called Strike
1-1: Ball
2-1: Ball
3-1: Ground out 1-3 (Groundball, 13, EV 65.6 MPH)
Batting: RHB Chad Colyer 0-0: Ball
1-0: Ball
2-0: Ball
3-0: Base on Balls
Batting: RHB Mark Noftall 0-0: Ball
1-0: Foul Ball, location: 2F
1-1: Fielders Choice at 2nd, U6 (Groundball, 6M, EV 81.2 MPH)
Top of the 7th over - 0 runs, 0 hits, 0 errors, 1 left on base; Bluefield 13 - Orem 0
BOTTOM OF THE 7TH
Orem Owlz batting - Pitching for Bluefield Blue Jays : LHP Jack Osborne
Batting: RHB Daniel Molina 0-0: Called Strike
0-1: Ball
1-1: Ball
2-1: DOUBLE (Flyball, 78XD, EV 99.4 MPH)
Pinch Hitting: RHB Mark Squires 0-0: Called Strike
0-1: Ball
1-1: Ball
2-1: Foul Ball, location: 2F
2-2: Strikes out looking
Batting: RHB Brendan Garoutte 0-0: Ball
1-0: DOUBLE (Groundball, 5L, EV 103.8 MPH)
Daniel Molina scores
Batting: RHB Jesse Sargent 0-0: Swinging Strike
0-1: Ball
1-1: Ball
2-1: Ball
3-1: Base on Balls
Pinch Hitting: RHB Shawn Jansen 0-0: Ball
1-0: Ball
2-0: Ball
Brendan Garoutte steals 3rd base
3-0: Called Strike
3-1: Called Strike
3-2: Base on Balls
Jesse Sargent to second
Pitching: RHP Jason Hanson
Batting: RHB Brian Spry 0-0: Foul Ball, location: 2F
0-1: Called Strike
0-2: Strikes out swinging
Batting: RHB Fred Saxton 0-0: Called Strike
0-1: Fielders Choice at 2nd, U6 (Groundball, 6M, EV 101.2 MPH)
Bottom of the 7th over - 1 run, 2 hits, 0 errors, 3 left on base; Bluefield 13 - Orem 1
TOP OF THE 8TH
Bluefield Blue Jays batting - Pitching for Orem Owlz : RHP Jim Sawicki
Pitching: RHP Dean Aspden
Now in LF: Kevin Feldman
Now in RF: Bill Girton
Batting: RHB Lao-che Zhu 0-0: Called Strike
0-1: Ball
1-1: Fly out, F7 (Flyball, 7S, EV 87.5 MPH)
Batting: LHB Jessie Stewart 0-0: Called Strike
0-1: Swinging Strike
0-2: Ball
1-2: Foul Ball, location: 2F
1-2: Strikes out swinging
Batting: RHB Mike Vaughan 0-0: Ball
1-0: Ball
2-0: Foul Ball, location: 2F
2-1: Foul Ball, location: 2F
2-2: Strikes out swinging
Top of the 8th over - 0 runs, 0 hits, 0 errors, 0 left on base; Bluefield 13 - Orem 1
BOTTOM OF THE 8TH
Orem Owlz batting - Pitching for Bluefield Blue Jays : RHP Jason Hanson
Batting: RHB Carlos Gonzales 0-0: Ball
1-0: Ball
2-0: Called Strike
2-1: Foul Ball, location: 2F
2-2: Strikes out looking
Batting: SHB Manuel Martinez 0-0: Ball
1-0: Ball
2-0: Foul Ball, location: 2F
2-1: SOLO HOME RUN (Flyball, 8LXD, EV 113.1 MPH), Distance : 439 ft
Batting: RHB Daniel Molina 0-0: Ball
1-0: Called Strike
1-1: Fly out, F7 (Flyball, 7S, EV 97.5 MPH)
Batting: LHB Bill Girton 0-0: Called Strike
0-1: Swinging Strike
0-2: Strikes out swinging
Bottom of the 8th over - 1 run, 1 hit, 0 errors, 0 left on base; Bluefield 13 - Orem 2
TOP OF THE 9TH
Bluefield Blue Jays batting - Pitching for Orem Owlz : RHP Dean Aspden
Batting: RHB Benedikt Fleischmann 0-0: Foul Ball, location: 2F
0-1: Ball
1-1: Ball
2-1: SINGLE (Groundball, 25, EV 70.0 MPH) (infield hit)
Pitching: RHP Michael Coleman
Batting: RHB Cedric Nicholls 0-0: SINGLE (Line Drive, 8LS, EV 88.8 MPH)
Benedikt Fleischmann to second
Pinch Hitting: SHB Mike Fermin 0-0: Ball
1-0: Foul Ball, location: 2F
1-1: Swinging Strike
1-2: Ball
2-2: Ball
3-2: Base on Balls
Benedikt Fleischmann to third
Cedric Nicholls to second
Batting: SHB Toby Patenaude 0-0: Fly out, F8 (Flyball, 89M, EV 71.2 MPH)
Batting: RHB Chad Colyer 0-0: Ball
1-0: Ball
2-0: Ball
3-0: Called Strike
3-1: Foul Ball, location: 2F
3-2: Fly out, F8 (Line Drive, 8LD, EV 86.2 MPH)
Runner from 3rd tags up, SCORES, no throw by CF
Batting: RHB Mark Noftall 0-0: Ball
1-0: Ball
2-0: Swinging Strike
2-1: Called Strike
2-2: Ball
3-2: SINGLE (Flyball, 56D, EV 93.8 MPH)
Cedric Nicholls to third
Mike Fermin to second
Cedric Nicholls scores
Mike Fermin to third
Batting: RHB Lao-che Zhu 0-0: Foul Ball, location: 2F
0-1: Called Strike
0-2: Fielders Choice at 2nd, 6-4 (Groundball, 6, EV 105.6 MPH)
Top of the 9th over - 2 runs, 3 hits, 0 errors, 2 left on base; Bluefield 15 - Orem 2
BOTTOM OF THE 9TH
Orem Owlz batting - Pitching for Bluefield Blue Jays : RHP Jason Hanson
Now at 1B: Mike Fermin
Now in RF: Jessie Stewart
Batting: RHB Brendan Garoutte 0-0: Ball
1-0: Ball
2-0: Foul Ball, location: 2F
2-1: Foul Ball, location: 2F
2-2: Fly out, F8 (Flyball, 8RD, EV 105.0 MPH)
Batting: RHB Jesse Sargent 0-0: Ball
1-0: Called Strike
1-1: Foul Ball, location: 2F
1-2: Strikes out looking
Batting: LHB Kevin Feldman 0-0: Ball
1-0: Called Strike
1-1: Ground out 6-3 (Groundball, 4MD, EV 92.5 MPH)
Bottom of the 9th over - 0 runs, 0 hits, 0 errors, 0 left on base; Bluefield 15 - Orem 2
Sunday, July 16th , 2023 - OOTP Baseball 24.6 Build 69